 Dungeon Crawl Stone Soup version 0.32-a0-433-g08bcfe7efd (webtiles) character file.

Game seed: 7306734100154742953

21 backslashecho the Caller (level 2, -1/23 HPs)
             Began as a Demigod Summoner on Feb 23, 2024.
             Slain by a kobold
             ... wielding a +0 whip
              (3 damage)
             ... on level 1 of the Dungeon.
             The game lasted 00:03:04 (321 turns).

backslashecho the Caller (Demigod Summoner)          Turns: 321, Time: 00:03:05

Health: -1/23      AC:  2    Str:  9    XL:     2   Next: 48%
Magic:  5/7        EV: 12    Int: 17    God:
Gold:   28         SH:  0    Dex: 14    Spells: 4/5 levels left

rFire   . .          .
                       - Unarmed
rCold   . . .        (no shield)
rNeg    . . .        a - +0 robe
rPois   .            (no helmet)
rElec   .            (no cloak)
rCorr   .            (no gloves)
SInv    .            (no boots)
Will    .....        (no amulet)
Stlth   ++           (no ring)
HPRegen 0.23/turn    (no ring)
MPRegen 0.10/turn

%: no passive effects
@: no status effects
A: high MP 1, forlorn, divine attributes
a: no special abilities


You were on level 1 of the Dungeon.
You visited 1 branch of the dungeon, and saw 1 of its levels.

You collected 28 gold pieces.

Inventory:

Armour
 a - a +0 robe (worn)
Scrolls
 d - a scroll of blinking {unknown}
Potions
 b - a potion of magic
 c - a potion of curing {unknown}
 e - a potion of resistance {unknown}


   Skills:
 + Level 1.0 Fighting
 + Level 2.1 Dodging
 - Level 1.7 Stealth
 * Level 1.1 Unarmed Combat
 - Level 2.0 Spellcasting
 - Level 3.6 Summonings


You had 4 spell levels left.
You knew the following spells:

 Your Spells              Type           Power      Damage    Failure   Level
a - Summon Small Mammal   Summ           52%        N/A       4%          1

Your spell library contained the following spells:

 Spells                   Type           Power      Damage    Failure   Level
 Call Imp                 Summ           26%        N/A       7%          2
 Call Canine Familiar     Summ           13%        N/A       13%         3
 Summon Blazeheart Golem  Fire/Summ      7%         N/A       67%         4
 Summon Lightning Spire   Summ/Air       7%         N/A       67%         4


Dungeon Overview and Level Annotations

Branches:
Dungeon (1/15)


Innate Abilities, Weirdness & Mutations

You have an increased reservoir of magic. (+10% MP)
You shall have no god before yourself.
Your divine heritage dramatically boosts your attributes as you level up.


Message History

You hit the kobold but do no damage. The kobold completely misses you.
Casting: Summon Small Mammal (safe; 4% risk of failure)
Confirm with . or Enter, or press ? or * to list all spells.
The dart slug launches a dart at you. The slug dart hits you.
The kobold hits you with a +0 whip.
A hobgoblin comes into view.
You take 5 damage, and have 11/23 hp.
MASSIVE DAMAGE!!
Casting: Summon Small Mammal (safe; 4% risk of failure)
Confirm with . or Enter, or press ? or * to list all spells.
Your bat hits the kobold but does no damage.
The kobold hits you with a +0 whip. The hobgoblin hits your bat.
Your bat barely misses the hobgoblin.
You take 1 damage, and have 10/23 hp.
You now have 5/7 mp.
You closely miss the kobold.
Your bat closely misses the kobold. x2
Your bat misses the kobold. The kobold hits you but does no damage.
You hit the kobold but do no damage.
Your bat hits the kobold but does no damage.
Your bat barely misses the kobold.
Your bat hits the kobold but does no damage. x2
Your bat misses the kobold.
Your bat closely misses the hobgoblin.
The dart slug launches a dart at you. The slug dart hits you.
The kobold hits you but does no damage. The hobgoblin hits your bat.
You take 4 damage, and have 7/23 hp.
You hit the dart slug.
The dart slug is moderately wounded.
Your bat hits the kobold.
Your bat closely misses the kobold.
Your bat hits the hobgoblin but does no damage.
Your bat hits the kobold but does no damage.
Your bat closely misses the kobold.
Your bat hits the hobgoblin but does no damage.
The kobold hits you with a +0 whip.
* * * LOW HITPOINT WARNING * * *
The dart slug bites you.
* * * LOW HITPOINT WARNING * * *
The hobgoblin hits your bat.
Your bat dies!
Your bat's corpse disappears in a puff of smoke!
You take 3 damage, and have 4/23 hp.
You hit the dart slug but do no damage.
The dart slug is moderately wounded.
Your bat barely misses the kobold.
Your bat hits the kobold but does no damage. x2
The kobold barely misses you.
You hit the dart slug.
The dart slug is moderately wounded.
Your bat hits the kobold. The dart slug bites you.
* * * LOW HITPOINT WARNING * * *
The kobold hits you with a +0 whip.
You die...

##.#.~~~≈~~.#
#....~~≈~~~.#
#....~~~~.~P.
#...#~~.~~~.#
#...P~~~~~♣.#
#...#.~~~P.#
#...b.P....#
##...#$.#####
##..).##gK@w.#
##
#.....######..#
#.. #.#...#
##....
#...###.#####
.##... #......#
.. #.# #..##.##
>.. # ##....#
.. ...# #..#.#
.... ....
####.#####....
#.#...


You could see a dart slug, a hobgoblin, a kobold (ally target) and a friendly
bat (summoned).

Vanquished Creatures
  An endoplasm (D:1)
  A goblin (D:1)
  A jackal (D:1)
  A ball python (D:1)
  3 bats (D:1)
7 creatures vanquished.

Vanquished Creatures (collateral kills)
  2 ball pythons (D:1)
  A giant cockroach (D:1)
  A goblin (D:1)
  5 jackals (D:1)
  A frilled lizard (D:1)
  A kobold (D:1)
  A rat (D:1)
12 creatures vanquished.

Grand Total: 19 creatures vanquished

Notes
Turn   | Place    | Note
-------+----------+-------------------------------------------
     0 | D:1      | backslashecho the Demigod Summoner began the quest for the
                  | Orb.
     0 | D:1      | Reached XP level 1. HP: 14/14 MP: 5/5
   191 | D:1      | Reached XP level 2. HP: 22/22 MP: 7/7
   287 | D:1      | Reached skill level 1 in Unarmed Combat
   310 | D:1      | Reached skill level 1 in Fighting
   321 | D:1      | Slain by a kobold

Illustrated notes

Levels and vault maps discovered:
D:1:      spicycebolla_arrival_clurvy, layout_rooms, serial_shops,
          nicolae_shop_rolling_square, serial_bayou_pond_b

Skill      XL: |  1  2 |
---------------+-------+-----
Spellcasting   | 2 |  2.0
Dodging        | 2 |  2.1
Unarmed Combat | 1 |  1.1
Fighting       | 1 |  1.0
Stealth        | |  1.7
Summonings     | |  3.6

Action                     || total
---------------------------++-------
  Melee: Unarmed           ||    60
         Punch             ||     1
   Cast: Summon Small Mamm ||    19
   Stab: Distracted        ||     1
 Armour: Robe              ||    51
  Dodge: Dodged            ||    82

Table legend: (Time is in decaauts)
 A = Elapsed time spent in this place.
 B = Non-inter-level travel time spent in this place.
 C = Inter-level travel time spent in this place.
 D = Time resting spent in this place.
 E = Time spent auto-exploring this place.
 F = Levels seen in this place.
 G = Mean time per level.
                   A        B        C        D        E       F      G
               +--------+--------+--------+--------+--------+-----+--------+
         Total |    320 |    320 |      0 |      0 |    111 |   1 |  320.0 |
       Dungeon |    320 |    320 |      0 |      0 |    111 |   1 |  320.0 |
               +--------+--------+--------+--------+--------+-----+--------+

Top non-repeatable levels by time:
     D:1: 320 daAuts
